 Dungeon Crawl Stone Soup version 0.19.4-8-ga85b6b9 (webtiles) character file.

553 JNO the Caller (level 7, -12/46 HPs)
             Began as a Human Summoner on Feb 9, 2017.
             Was a Follower of Dithmenos.
             Killed by divine providence
             ... invoked by an orc priest
              (13 damage)
             ... on level 4 of the Dungeon.
             The game lasted 00:46:27 (6639 turns).

JNO the Caller (Human Summoner)                     Turns: 6639, Time: 00:46:28

Health: -12/46     AC:  3    Str:  8    XL:     7   Next: 55%
Magic:  5/12       EV: 13    Int: 18    God:    Dithmenos [*.....]
Gold:   183        SH:  0    Dex: 13    Spells: 4 memorised, 3 levels left

rFire  . . .     SeeInvis .     s - +2 short sword of Profit {pierce, rElec MR+}
rCold  . . .     Gourm    .     a - +0 robe
rNeg   . . .     Faith    .     (no shield)
rPois  .         Spirit   .     (no helmet)
rElec  +         Reflect  .     (no cloak)
rCorr  .         Harm     .     h - +0 pair of gloves
MR     ++...                    (no boots)
Stlth  +++.......               (no amulet)
                                (no ring)
                                j - ring of protection from magic

@: wreathed by umbra
A: no striking features
a: Renounce Religion


You were on level 4 of the Dungeon.
You worshipped Dithmenos.
Dithmenos was aware of your devotion.
You were very hungry.

You visited 1 branch of the dungeon, and saw 5 of its levels.

You collected 183 gold pieces.

Inventory:

Hand Weapons
 c - a +2 spear of piercing
 l - a +1 hunting sling
 s - the +2 short sword of Profit (weapon) {pierce, rElec MR+}
   (You found it on level 4 of the Dungeon)

   It inflicts extra damage upon your enemies.
   It insulates you from electricity.
   It affects your resistance to hostile enchantments.
 u - a +0 hand axe of holy wrath
 x - a +1 scythe of freezing
Missiles
 n - 112 stones (quivered)
Armour
 a - a +0 robe (worn)
 h - a +0 pair of gloves (worn)
Jewellery
 j - a ring of protection from magic (left hand)
 k - a cursed ring of teleportation {unknown}
Scrolls
 d - 2 scrolls of identify
 o - a scroll of teleportation
 r - a scroll of blinking
Potions
 e - a potion of magic {unknown}
 m - a potion of haste {unknown}
 q - a potion of berserk rage
 t - a potion of might {unknown}
 v - a potion of curing
 w - 2 potions of cancellation
Books
 b - a book of Callings

   Spells                             Type                      Level
   a - Summon Small Mammal            Summoning                    1
   b - Call Imp                       Summoning                    2
   c - Call Canine Familiar           Summoning                    3
   d - Summon Guardian Golem          Hexes/Summoning              3
   e - Summon Lightning Spire         Summoning/Air                4
   f - Summon Ice Beast               Ice/Summoning                4
Comestibles
 f - 2 slices of pizza
 i - 3 bread rations


   Skills:
 - Level 0.6 Slings
 - Level 3.7 Dodging
 + Level 4.3 Stealth
 + Level 3.8 Spellcasting
 - Level 5.5 Summonings
 + Level 1.5 Ice Magic


You had 3 spell levels left.
You knew the following spells:

 Your Spells              Type           Power        Failure   Level  Hunger
a - Summon Small Mammal   Summ           ###.         1%          1    None
b - Call Imp              Summ           ###.....     1%          2    ##.....
c - Call Canine Familiar  Summ           ###.....     4%          3    ###....
d - Summon Ice Beast      Ice/Summ       ###.....     41%         4    ####...


Dungeon Overview and Level Annotations

Branches:
Dungeon (5/15)             Temple (0/1) D:4

Altars:
Ashenzari
Dithmenos

Shops:
D:5 !

Annotations:
D:2 2 exclusions


Message History

The orc priest closely misses your hound.
Your magical contamination has completely faded away.
Your hound bites the orc priest.
The orc priest hits your hound with a short sword.
Your hound closely misses the orc priest.
Okay, then.
It was a potion of cancellation.
You feel magically purged.
Your hound bites the orc priest.
The orc priest misses your hound.
Your hound bites the orc priest.
The orc priest hits your hound with a short sword.
Your hound dies!
Your hound's corpse disappears in a puff of smoke!
An orc priest comes into view. It is wielding a whip.
The orc priest shouts!
The orc priest calls down the wrath of Beogh upon you.
Beogh smites you!
* * * LOW HITPOINT WARNING * * *
The orc priest invokes the aid of Beogh against you.
Beogh smites you!
You die...

#...#####.#..#.#################
#..............)................
#>...................o..........
###.#.###.#..###o######.########
#.#.###.#..# #o# #.#.o...o)
#..........# #.# #.#.######
#..........# #.# #.#.#
#..........###.# #o#.#
#............@.# ###.#.#####
#.........###### #.........#
#.#.##..#.# #.........#
#.#.##.##.# #.........#
#.#.##.##.# ###.#.#####
#.#.##.##.# #.#.# ####.#.##.##.#
#.#.###### .....#.##.##[#
#.#....... ######.##.##.#
#.########


You could see 2 orc priests.

Vanquished Creatures
  An ogre (D:4)
  2 hounds
  An orc wizard (D:5)
  An adder (D:5)
  2 orcs (D:3)
  2 giant cockroaches
  A hobgoblin (D:2)
  A rat (D:3)
11 creatures vanquished.

Vanquished Creatures (collateral kills)
  Sigmund (D:4)
  A sky beast (D:4)
  A big kobold (D:5)
  2 howler monkeys
  A crimson imp (D:5)
  4 orc wizards
  A worker ant (D:4)
  5 adders
  7 gnolls
  An adder zombie (D:5)
  2 adder skeletons (D:4)
  2 worms (D:3)
  2 dart slugs
  A leopard gecko (D:3)
  17 orcs
  4 giant cockroaches
  5 goblins
  2 hobgoblins
  10 jackals
  11 kobolds
  A quokka (D:5)
  9 bats
  4 frilled lizards
  6 rats
100 creatures vanquished.

Grand Total: 111 creatures vanquished

Notes
Turn   | Place    | Note
-------+----------+-------------------------------------------
     0 | D:1      | JNO the Human Summoner began the quest for the Orb.
     0 | D:1      | Reached XP level 1. HP: 13/13 MP: 3/3
   431 | D:1      | Reached XP level 2. HP: 19/19 MP: 1/5
   610 | D:1      | Learned a level 2 spell: Call Imp
  1335 | D:2      | Reached XP level 3. HP: 24/24 MP: 1/6
  1748 | D:2      | Noticed Sigmund
  2082 | D:2      | Learned a level 3 spell: Call Canine Familiar
  2196 | D:2      | Reached XP level 4. HP: 30/30 MP: 4/7
  2712 | D:3      | Found a shadowy altar of Dithmenos.
  2722 | D:3      | Became a worshipper of Dithmenos the Shadowed
  3193 | D:3      | Reached skill level 5 in Summonings
  3193 | D:3      | Reached XP level 5. HP: 30/35 MP: 1/8
  3696 | D:4      | Noticed a sky beast
  3708 | D:4      | Killed a sky beast
  3708 | D:4      | Reached XP level 6. HP: 41/41 MP: 1/10
  4169 | D:4      | Found a staircase to the Ecumenical Temple.
  4306 | D:4      | Found a shattered altar of Ashenzari.
  4484 | D:4      | Got a transparent short sword
  4485 | D:4      | Identified the +2 short sword of Profit {pierce, rElec MR+} (You found it on level 4 of the Dungeon)
  4760 | D:4      | Killed Sigmund
  4834 | D:4      | Noticed an ogre
  4891 | D:4      | Killed an ogre
  4891 | D:4      | Reached * piety under Dithmenos
  4891 | D:4      | Reached XP level 7. HP: 46/46 MP: 3/12
  5192 | D:5      | Entered Level 5 of the Dungeon
  5346 | D:5      | Found Uceim's Distillery.
  5448 | D:5      | Learned a level 4 spell: Summon Ice Beast
  5922 | D:5      | Reached skill level 1 in Ice Magic
  6637 | D:4      | HP: 1/46 [orc priest/divine providence (14)]
  6639 | D:4      | Killed from afar by an orc priest

Skill      XL: |  1  2  3  4  5  6  7 |
---------------+----------------------+-----
Summonings     | 5 |  5.5
Stealth        | 3 4 |  4.3
Dodging        | 3 |  3.7
Spellcasting   | 3 |  3.8
Ice Magic      | 1 |  1.5
Slings         | |  0.6

Action                   |  1- 3 |  4- 6 |  7- 9 || total
-------------------------+-------+-------+-------++-------
Melee: Unarmed           |     7 |       |       ||     7
       Spear             |     3 |       |       ||     3
       Short sword       |       |     3 |    14 ||    17
 Fire: Hunting sling     |     7 |    27 |       ||    34
 Cast: Summon Small Mamm |    42 |     4 |     6 ||    52
       Call Imp          |    16 |    28 |    15 ||    59
       Call Canine Famil |     2 |    22 |    14 ||    38
       Summon Ice Beast  |       |       |     1 ||     1
  Use: Potion            |     2 |     1 |     1 ||     4
       Scroll            |       |     8 |     2 ||    10
 Stab: Distracted        |       |     1 |       ||     1
  Eat: Chunk             |     1 |     7 |     2 ||    10
       Bread ration      |     1 |       |       ||     1
       Fruit             |       |     3 |     1 ||     4
       Meat ration       |       |     1 |       ||     1
       Beef jerky        |       |     1 |       ||     1
Armor: Robe              |    13 |     7 |     3 ||    23
Dodge: Dodged            |    40 |    28 |    26 ||    94
